 Dungeon Crawl Stone Soup version 0.31-a0-152-g6aa68a64a1 (webtiles) character file.

Game seed: 6713604082637351877

571 qw the Skirmisher (level 7, -5/62 HPs)
             Began as a Minotaur Hunter on June 10, 2023.
             Shot with an arrow by a centaur (9 damage)
             ... on level 4 of the Dungeon.
             The game lasted 00:01:14 (3056 turns).

qw the Skirmisher (Minotaur Hunter)                 Turns: 3056, Time: 00:01:15

Health: -5/62      AC:  5    Str: 16    XL:     7   Next: 11%
Magic:  6/6        EV: 12    Int:  6    God:
Gold:   274        SH:  0    Dex: 15    Spells: 6/6 levels left

rFire   . . .        Y - +2 shortbow
rCold   . . .        (shield currently unavailable)
rNeg    . . .        c - +0 leather armour
rPois   .            (helmet restricted)
rElec   .            (no cloak)
rCorr   .            h - +1 pair of gloves
SInv    .            (no boots)
Will    .....        i - amulet of the acrobat
Stlth   +            (no ring)
HPRegen 0.30/turn    (no ring)
MPRegen 0.10/turn

%: acrobat
@: about to teleport
A: horns 2, retaliatory headbutt
a: no special abilities


You were on level 4 of the Dungeon.
You visited 1 branch of the dungeon, and saw 4 of its levels.

You collected 274 gold pieces.


Innate Abilities, Weirdness & Mutations

You have a pair of horns on your head.
You reflexively headbutt those who attack you in melee.


   Skills:
 - Level 5.9 Fighting
 - Level 8.0 Ranged Weapons
 - Level 1.0 Armour
 + Level 2.2 Dodging
 - Level 0.7 Stealth


You had 6 spell levels left.
You didn't know any spells.
Your spell library was empty.

Inventory:

Hand Weapons
 Y - a +2 shortbow (weapon)
Armour
 a - a +0 ring mail
 c - a +0 leather armour (worn)
 h - a +1 pair of gloves (worn)
Jewellery
 e - a ring of see invisible
 i - an amulet of the acrobat (around neck)
Scrolls
 j - a scroll of identify
 l - a scroll of poison {unknown}
Potions
 b - a potion of curing {unknown}
 d - 2 potions of haste
 f - a potion of brilliance {unknown}
 k - a potion of degeneration {unknown}

Dungeon Overview and Level Annotations

Branches:
Dungeon (4/15)
 Temple: D:4-7

Altars:
Ashenzari
Hepliaklqana

Shops:
D:3 (

Annotations:
D:3 1 runed translucent door, Crazy Yiuf


Message History

Enter note:
Enter note:
Enter note:
Enter note:
Enter note: The hobgoblin shouts!
You hear a shout!
A centaur comes into view.
The centaur wields a +0 orcbow.
The centaur shoots an arrow.
The arrow completely misses you.
You hear an angry hiss.
You shoot an arrow. The arrow hits the centaur!
The centaur is moderately wounded.
The centaur shoots an arrow.
The arrow hits you!
You shoot an arrow. The arrow hits the hobgoblin.
The hobgoblin is heavily wounded.
The centaur shoots an arrow.
The arrow hits you!
You shoot an arrow. The arrow barely misses the hobgoblin.
An adder comes into view.
The centaur shoots an arrow.
The arrow barely misses you.
You shoot an arrow. The arrow barely misses the hobgoblin.
The centaur shoots an arrow.
The arrow hits you!
The centaur shoots an arrow.
The arrow hits you!
You shoot an arrow. The arrow hits the hobgoblin.
The hobgoblin is severely wounded.
The centaur shoots an arrow.
The arrow hits you.
You shoot an arrow. The arrow barely misses the hobgoblin.
The arrow barely misses the adder.
The centaur shoots an arrow.
The arrow hits you!
3055 ||| READING scroll of teleportation.
As you read the scroll of teleportation, it crumbles to dust.
You feel strangely unstable.
The centaur shoots an arrow.
The arrow barely misses you. The hobgoblin barely misses you.
You furiously retaliate!
You headbutt the hobgoblin!
You kill the hobgoblin!
You shoot an arrow. The arrow hits the adder.
The adder is moderately wounded.
The centaur shoots an arrow.
The arrow closely misses you. The adder barely misses you.
The centaur shoots an arrow.
The arrow hits you!
You die...

#....##.##.#....#.#...#
.....##.##....###.###.#######
....%##.#..#......###..##...#
.....##.#..#.###....##......#
>...%........# ###..........#
........#..#.# #.######...#
..........##.### #.# #...#
......##.###...###.##########
#...####.# ###..@....)..
.%..# #.# ##..S...... ##..#
##.# ##.^...... ##..###..#
#........ #....##.##
#........ #..#..#.####
#.c...... #........>.#
#....#.8. #..........#
#........ #.#........#


You could see a centaur and an adder.

Vanquished Creatures
  Menkaure (D:4)
  Edmund (D:4)
  An ogre (D:3)
  Ijyb (D:3)
  An iguana (D:3)
  An orc wizard (D:3)
  3 gnolls (D:4)
  4 adders (D:2)
  A worm (D:3)
  4 dart slugs
  6 orcs
  8 ball pythons
  7 endoplasms
  A giant cockroach (D:3)
  6 goblins
  6 hobgoblins
  15 jackals
  2 quokkas (D:3)
  7 bats
  9 frilled lizards
  8 kobolds
  3 rats
96 creatures vanquished.

Notes
Turn   | Place    | Note
-------+----------+-------------------------------------------
     0 | D:1      | qw the Minotaur Hunter began the quest for the Orb.
     0 | D:1      | Reached XP level 1. HP: 18/18 MP: 0/0
     0 | D:1      | 0 ||| qw: Version: 0.2-a-122-gbc61b45
     0 | D:1      | 0 ||| qw: Game counter: 3513
     0 | D:1      | 0 ||| qw: Always use a shield: true
     0 | D:1      | 0 ||| qw: God list: Okawaru
     0 | D:1      | 0 ||| qw: Allow faded altars: false
     0 | D:1      | 0 ||| qw: Do Orc after D:15 true
     0 | D:1      | 0 ||| qw: Do second Lair branch before Depths: true
     0 | D:1      | 0 ||| qw: Lair rune preference: random
     0 | D:1      | 0 ||| qw: Plans: Normal
     0 | D:1      | 0 ||| PLANNING D:1-11
   143 | D:1      | Reached XP level 2. HP: 25/25 MP: 1/1
   147 | D:1      | Reached skill level 5 in Ranged Weapons
   227 | D:1      | Reached skill level 3 in Fighting
   397 | D:1      | Reached XP level 3. HP: 31/31 MP: 2/2
   728 | D:1      | 728 ||| UPGRADING to amulet of the acrobat.
   733 | D:1      | 733 ||| READING scroll labelled REELAU RYTSIE.
   734 | D:1      | 734 ||| READING scroll labelled ZEKOMMUSURR.
   735 | D:1      | 735 ||| READING scroll labelled NURGHE SYAMN.
   736 | D:1      | 736 ||| DROPPING scroll of butterflies.
   861 | D:2      | 861 ||| FLEEEEING.
   907 | D:2      | Reached skill level 6 in Ranged Weapons
   907 | D:2      | Reached XP level 4. HP: 38/38 MP: 3/3
   961 | D:2      | 961 ||| Stepping ~*~*~tactically~*~*~ (outnumbered).
  1174 | D:2      | 1174 ||| UPGRADING to +0 pair of gloves.
  1179 | D:2      | 1179 ||| READING scroll labelled SEUCEARHAE.
  1180 | D:2      | 1180 ||| READING scroll labelled OSHRIE CULAR.
  1181 | D:2      | 1181 ||| READING scroll labelled OSUILI TAIMERCH.
  1247 | D:2      | 1247 ||| READING scroll labelled VACIME KESKAE.
  1348 | D:2      | 1348 ||| READING scroll labelled ZYKLANW ALORYI.
  1353 | D:2      | 1353 ||| DRINKING 3 grey potions.
  1354 | D:2      | 1354 ||| READING 2 scrolls of identify.
  1354 | D:2      | 1354 ||| IDENTIFYING bubbling blue potion
  1355 | D:2      | 1355 ||| DROPPING potion of attraction.
  1356 | D:2      | 1356 ||| DROPPING 2 potions of enlightenment.
  1524 | D:3      | Reached skill level 1 in Armour
  1665 | D:3      | 1665 ||| READING scroll of enchant weapon.
  1665 | D:3      | 1665 ||| ENCHANTING +1 shortbow.
  1699 | D:3      | Found Ruqemean's Antique Weapon Emporium.
  1823 | D:3      | Noticed Ijyb
  1833 | D:3      | Killed Ijyb
  1834 | D:3      | Reached XP level 5. HP: 26/47 MP: 4/4
  2008 | D:3      | Noticed an ogre
  2016 | D:3      | Killed an ogre
  2059 | D:3      | Found a runed translucent door.
  2060 | D:3      | Noticed Crazy Yiuf
  2063 | D:3      | 2063 ||| READING 2 scrolls labelled RUALUE FAUFI.
  2064 | D:3      | 2064 ||| READING scroll of enchant armour.
  2064 | D:3      | 2064 ||| ENCHANTING +0 pair of gloves.
  2107 | D:4      | 2107 ||| STAIRDANCE
  2115 | D:3      | Reached skill level 7 in Ranged Weapons
  2254 | D:4      | 2254 ||| STAIRDANCE
  2274 | D:3      | Reached XP level 6. HP: 34/53 MP: 5/5
  2408 | D:4      | Noticed Edmund
  2422 | D:4      | HP: 5/53 [Edmund/+2 flail of protection (10)]
  2422 | D:4      | Killed Edmund
  2645 | D:4      | Reached skill level 8 in Ranged Weapons
  2656 | D:4      | Found a hazy altar of Hepliaklqana.
  2666 | D:4      | Found a broken altar of Ashenzari.
  2780 | D:4      | Identified the +2 scale mail of Hairy Birdsong {rPois
                  | Will++}
  2949 | D:4      | Noticed Menkaure
  2953 | D:4      | Killed Menkaure
  2954 | D:4      | Reached XP level 7. HP: 62/62 MP: 6/6
  3054 | D:4      | HP: 4/62 [centaur/arrow (14)]
  3055 | D:4      | 3055 ||| READING scroll of teleportation.
  3056 | D:4      | Shot with an arrow by a centaur

Levels and vault maps discovered:
D:1:      ebering_trefoil_twist, layout_loops_ring, minmay_pentomino_t2
D:2:      layout_rooms, st_stairs_12, minmay_quantized
D:3:      layout_loops_cross, serial_shops, shop, uniq_ijyb,
          uniq_crazy_yiuf_cottage
D:4:      layout_rooms, amethyst_overflow_temple_binary,
          minmay_temple_entry_statues_pillars, uniq_menkaure, uniq_edmund

Skill      XL: |  1  2  3  4  5  6 |
---------------+-------------------+-----
Ranged Weapons | 5 6 7 8 |  8.0
Fighting       | 3 4 5 |  5.9
Armour         | 1 |  1.0
Dodging        | |  2.2
Stealth        | |  0.7

Action                     |  1- 3 |  4- 6 |  7- 9 || total
---------------------------+-------+-------+-------++-------
   Fire: Shortbow          |    75 |   187 |     8 ||   270
    Use: Scroll            |     3 |     9 |     1 ||    13
         Potion            |       |     1 |       ||     1
 Armour: Leather armour    |     9 |    24 |       ||    33
  Dodge: Dodged            |    24 |    54 |     6 ||    84

Table legend:
 A = Non-vault XP
 B = Vault XP
 C = Vault XP percentage of total XP
 D = Non-vault monster count
 E = Vault monster count
 F = Vault count percentage of total count
                 A         B        C        D         E       F
            +---------+---------+-------+---------+---------+-------
      Total |     424 |     392 |  48.0 |      87 |       9 |   9.4
            +---------+---------+-------+---------+---------+-------
        D:1 |      50 |       1 |   2.0 |      29 |       1 |   3.3
        D:2 |      64 |      17 |  21.0 |      18 |       5 |  21.7
        D:3 |     230 |      38 |  14.2 |      21 |       1 |   4.5
        D:4 |      80 |     336 |  80.8 |      19 |       2 |   9.5
            +---------+---------+-------+---------+---------+-------
